 Dungeon Crawl Stone Soup version 0.19-a0-1320-g0178847 (webtiles) character file.

15650 Amnesiac the Blocker (level 12, -6/123 HPs)
             Began as a Troll Berserker on Aug 31, 2016.
             Was a High Priest of Trog.
             Mangled by a ghost moth (7 damage)
             ... on level 1 of the Spider Nest.
             The game lasted 00:16:52 (4899 turns).

Amnesiac the Blocker (Troll Berserker)              Turns: 4899, Time: 00:16:52

Health: -6/123     AC: 15    Str: 26 (28) XL:     12   Next: 3%
Magic:  0/11       EV:  9    Int:  2 (3)  God:    Trog [*****.]
Gold:   422        SH: 20    Dex: 12 (13) Spells: 0 memorised, 11 levels left

rFire  + . .     SeeInvis .       - Unarmed
rCold  . . .     Gourm    +     y - +1 robe of Egezeum {rPois rF+}
rNeg   + . .     Faith    .     m - +1 large shield
rPois  +         Spirit   .     (helmet restricted)
rElec  +         Dismiss  .     B - +1 cloak
rCorr  .         Reflect  .     (gloves unavailable)
MR     .....     Harm     .     (boots unavailable)
Stlth  +......... Clarity  +    (no amulet)
                                s - +6 ring of protection
                                c - ring of positive energy

@: no status effects
A: unfitting armour, claws 3, horns 1, rugged brown scales 1, clarity, fast
metabolism 3, gourmand, regeneration 2, shaggy fur 1, electricity resistance,
tough skin 2, wild magic 1
a: Berserk, Trog's Hand, Brothers in Arms, Burn Spellbooks, Renounce Religion


You were on level 1 of the Spider Nest.
You worshipped Trog.
Trog was extremely pleased with you.
You were completely stuffed.

You visited 3 branches of the dungeon, and saw 15 of its levels.
You also visited: Labyrinth.

You collected 422 gold pieces.

Inventory:

Hand Weapons
 p - a +2 hand axe of flaming
Missiles
 k - 2 throwing nets (quivered)
Armour
 m - a +1 large shield (worn)
 y - the +1 robe of Egezeum (worn) {rPois rF+}
   (You found it on level 2 of the Lair of Beasts)

   It protects you from fire.
   It protects you from poison.
 B - a +1 cloak (worn)
Jewellery
 c - a ring of positive energy (left claw)
 s - a +6 ring of protection (right claw)
Wands
 j - a wand of enslavement (0/24)
 n - a wand of teleportation (9/9)
Scrolls
 a - 2 scrolls of fog
 e - 2 scrolls of remove curse
 g - a scroll of identify
 h - a scroll of teleportation
 u - a scroll of noise
 v - a scroll of enchant armour
 A - a scroll of enchant weapon
Potions
 d - a potion of might
 l - a potion of curing
 w - 2 potions of brilliance
Books
 z - the Catalogue of Curses
   (You found it in a labyrinth)

   Spells                             Type                      Level
   a - Slow                           Hexes                        2
   b - Tukima's Dance                 Hexes                        3
   c - Gell's Gravitas                Hexes/Translocation          3
   d - Inner Flame                    Hexes/Fire                   3
   e - Fulminant Prism                Conjuration/Hexes            4
   f - Cause Fear                     Hexes                        4
   g - Metabolic Englaciation         Hexes/Ice                    5
   h - Summon Mana Viper              Hexes/Summoning              5
   Trog disapproves of the use of such an item.
Comestibles
 b - 5 bread rations
 f - 5 meat rations
 q - 15 fruits
 r - 8 slices of pizza
 x - 2 beef jerkies


   Skills:
 - Level 8.2 Fighting
 - Level 3.1 Dodging
 + Level 11.4 Shields
 - Level 11.0 Unarmed Combat


You had 11 spell levels left.
You didn't know any spells.

Dungeon Overview and Level Annotations

Branches:
Dungeon (9/15)             Temple (0/1) D:6            Lair (4/6) D:8
 Shoals (0/4) Lair:4       Spider (2/4) Lair:3
    Orc: D:9-12

Altars:
Ru
Trog


Innate Abilities, Weirdness & Mutations

You are too large for most types of armour.
You have claws for hands.
Your metabolism is lightning-fast.
You like to eat raw meat.
You heal very quickly.
You are covered in fur. (AC +1)
You have very tough skin. (AC +2)
You have a pair of small horns on your head.
You are partially covered in rugged brown scales. (AC +1, +3% HP)
You possess an exceptional clarity of mind.
You are resistant to electric shocks. (rElec)
Your spells are a little harder to cast, but a little more powerful.


Message History

Something hits you but does no damage. You block something's attack.
You feel very sick. Something hits you!
* * * LOW HITPOINT WARNING * * *
You block something's attack.
Something stings you but does no damage.
* * * LOW HITPOINT WARNING * * *
You feel very sick.
You feel better. Something hits you.
* * * LOW HITPOINT WARNING * * *
Something hits you but does no damage. Something stings you.
* * * LOW HITPOINT WARNING * * *
Unknown command.
You fail to use your ability.
You feel you are being watched by something.
You feel your power leaking away. Something hits you!
* * * LOW HITPOINT WARNING * * *
You block something's attack. Something stings you!
You die...

....≈≈#....# ..#
...#≈≈.....###...
#...≈..†^.#........
....≈≈##....(......
.#..≈≈............
....≈.....^###..#
....##.....#....#
... #..>...#...# #
#.....#@...#
#...####...#
#....#.#...##
.....##.†...#
...... #†....##
#..... ##.....#
#...## #.....##
##.....# #.....###
##


There were no monsters in sight!

Vanquished Creatures
  A minotaur (Lab)
  3 hydras
  A wolf spider (Spider:1)
  A griffon (Lair:4)
  A black mamba (Lair:2)
  A centaur zombie (D:8)
  A torpor snail (Lair:4)
  3 spiny frogs
  A rime drake (Lair:1)
  A komodo dragon (Lair:3)
  2 trolls (D:9)
  A jumping spider (Lair:3)
  A two-headed ogre (D:8)
  2 minotaur skeletons (Lab)
  2 dream sheep (D:9)
  5 redbacks (Spider:1)
  3 shadows (Lab)
  2 hungry ghosts (Lab)
  6 yaks
  A hippogriff (Lair:2)
  2 wargs
  6 porcupines
  4 water moccasins (Lair:4)
  A sky beast (D:9)
  2 black bears
  A necrophage (D:8)
  A wasp (D:8)
  16 wolves (Lair:2)
  5 centaurs
  2 crocodiles
  3 big kobolds (D:9)
  A gnoll sergeant (D:9)
  5 giant frogs
  A wyvern zombie (D:9)
  A scorpion (D:9)
  A troll skeleton (Lab)
  2 howler monkeys (D:8)
  2 crimson imps
  2 giant frog zombies
  4 lava snakes (Lab)
  A centaur skeleton (Lab)
  2 hounds
  2 orc priests (D:8)
  A jelly (D:9)
  5 orc wizards
  2 iguanas (Lair:4)
  2 hell rats (Lair:2)
  4 gnolls (D:9)
  2 adders (D:9)
  8 river rats (Lair:2)
  An adder skeleton (D:8)
  3 dart slugs
  3 giant geckos
  10 orcs
  A giant cockroach (D:1)
  3 hobgoblins
  12 jackals
  A quokka (D:9)
  A ball python (D:2)
  2 giant newts
  A kobold (D:9)
  3 rats
171 creatures vanquished.

Vanquished Creatures (collateral kills)
  An orb spider (Spider:1)
  2 redbacks (Spider:1)
  A tarantella (Spider:1)
4 creatures vanquished.

Grand Total: 175 creatures vanquished

Notes
Turn   | Place    | Note
-------+----------+-------------------------------------------
     0 | D:1      | Amnesiac the Troll Berserker began the quest for the Orb.
     0 | D:1      | Reached XP level 1. HP: 22/22 MP: 0/0
   123 | D:1      | Reached XP level 2. HP: 28/29 MP: 1/1
   416 | D:5      | Entered Level 5 of the Dungeon
   444 | D:5      | Reached XP level 3. HP: 36/36 MP: 2/2
   486 | D:6      | Reached ** piety under Trog
   538 | D:6      | Found a staircase to the Ecumenical Temple.
   608 | D:7      | Reached XP level 4. HP: 44/44 MP: 3/3
   631 | D:7      | Noticed a giant frog
   649 | D:7      | Killed a giant frog
   692 | D:7      | Noticed a black bear
   697 | D:7      | Killed a black bear
   697 | D:7      | Reached XP level 5. HP: 42/53 MP: 4/4
   716 | D:7      | Noticed a centaur
   874 | D:8      | Noticed a two-headed ogre
   880 | D:8      | Killed a two-headed ogre
   880 | D:8      | Reached XP level 6. HP: 61/61 MP: 5/5
   890 | D:8      | Noticed a warg
   908 | D:9      | Noticed a troll
   922 | D:9      | Noticed a sky beast
   939 | D:9      | Killed a warg
   939 | D:9      | Reached XP level 7. HP: 10/67 MP: 6/6
   942 | D:9      | Reached skill level 5 in Shields
   984 | D:9      | Found a sacrificial altar of Ru.
  1013 | D:9      | Noticed a troll
  1033 | D:9      | Killed a troll
  1133 | D:9      | Reached skill level 5 in Unarmed Combat
  1136 | D:9      | Reached XP level 8. HP: 75/75 MP: 7/7
  1143 | D:9      | Killed a troll
  1292 | D:9      | Gained mutation: You possess an exceptional clarity of mind. [mutagenic meat]
  1300 | D:9      | Gained mutation: Your spells are a little harder to cast, but a little more powerful. [mutagenic meat]
  1303 | D:9      | Gained mutation: You have a pair of small horns on your head. [mutagenic meat]
  1306 | D:9      | Gained mutation: You heal very quickly. [mutagenic meat]
  1323 | D:9      | Reached *** piety under Trog
  1429 | D:9      | Reached XP level 9. HP: 75/81 MP: 8/8
  1439 | D:9      | Noticed a two-headed hydra
  1457 | D:9      | Killed a one-headed hydra
  1987 | D:8      | Found a staircase to the Lair.
  1999 | D:8      | Reached skill level 5 in Fighting
  2000 | D:8      | Reached XP level 10. HP: 96/96 MP: 9/9
  2054 | D:8      | Reached **** piety under Trog
  2129 | Lair:1   | Entered Level 1 of the Lair of Beasts
  2312 | Lair:2   | Noticed a spiny frog
  2636 | Lair:2   | Killed a spiny frog
  2766 | Lair:2   | Noticed a black mamba
  2774 | Lair:2   | Killed a black mamba
  3088 | Lair:2   | Got a fine robe
  3099 | Lair:2   | Identified the cursed +1 robe of Egezeum {rPois rF+} (You found it on level 2 of the Lair of Beasts)
  3171 | Lair:3   | Noticed a spiny frog
  3179 | Lair:3   | Killed a spiny frog
  3215 | Lair:3   | Found a hole to the Spider Nest.
  3222 | Lair:3   | Reached XP level 11. HP: 107/111 MP: 10/10
  3336 | Lair:4   | Gained mutation: You are resistant to electric shocks. (rElec) [potion of mutation]
  3458 | Lair:4   | Reached ***** piety under Trog
  3472 | Lair:4   | Found a bloodstained altar of Trog.
  3484 | Lair:4   | Found a staircase to the Shoals.
  3517 | Lair:4   | Noticed an eight-headed hydra
  3616 | Lair:4   | Killed a one-headed hydra
  3644 | Lair:4   | Noticed a griffon
  3689 | Lair:4   | Killed a griffon
  3711 | Lair:4   | Found a labyrinth entrance.
  3743 | Lab      | Entered a labyrinth
  3786 | Lab      | Gained mutation: Scrolls take you a little longer to read. [potion of mutation]
  3786 | Lab      | Gained mutation: You are partially covered in rugged brown scales. (AC +1, +3% HP) [potion of mutation]
  3786 | Lab      | Lost mutation: Scrolls take you a little longer to read. [potion of mutation]
  4125 | Lab      | Noticed a minotaur
  4132 | Lab      | Killed a minotaur
  4132 | Lab      | Reached skill level 10 in Shields
  4141 | Lab      | Identified the Catalogue of Curses
  4260 | Lair:4   | Noticed a seven-headed hydra
  4270 | Lair:4   | Killed a two-headed hydra
  4766 | Spider:1 | Entered Level 1 of the Spider Nest
  4767 | Spider:1 | Noticed an orb spider
  4809 | Spider:1 | Killed an orb spider
  4836 | Spider:2 | Noticed a wolf spider
  4844 | Spider:1 | Killed a wolf spider
  4844 | Spider:1 | Reached XP level 12. HP: 88/123 MP: 11/11
  4899 | Spider:1 | HP: 1/123 [something (10)]
  4899 | Spider:1 | Mangled by a ghost moth

Vault maps used:
D:1:      shiori_arrival_oz, serial_bayou, serial_bayou_pond_c,
          serial_bayou_pond_d, serial_bayou_shore_b, serial_bayou_pond_b
D:2:      minmay_tetromino_s4, uniq_crazy_yiuf_cottage
D:3:      first_bread, due_unseen_surprise
D:4:      kennysheep_generic_room_14, uniq_blork_the_orc
D:5:      okawaru_metal_pillars_3, serial_shops, kennysheep_mini_moat, shop
D:6:      zin_angel, bloody_trog, uniq_menkaure, uniq_duvessa
D:7:      nicolae_whirlpool, nicolae_dithmenos_shadow_blocks,
          nicolae_alphabet_shops
D:8:      nicolae_overflow_hidden_temple, erik_lair_orcish_takeover
D:9:      nicolae_ru_great_annihilating_truth, hangedman_ranch,
          evilmike_minifort
Lair:1:   uniq_grum
Lair:2:   kennysheep_rathole, beast_lair_carwin_10
Lair:3:   spider_nest_entry_rubble, basic_altar
Lair:4:   minmay_shoals_entry_centaurs, lab_entry_generic, basic_altar
Spider:1: hangedman_spider_tarantella_strand
Lab:      nicolae_lab_dead_adventurers, nicolae_lab_big_swirl,
          nicolae_lab_garden, nicolae_lab_swirl, labyrinth_skeletal_remains,
          labyrinth_lava_lair, nicolae_lab_lava, nicolae_lab_very_dead_end,
          nicolae_lab_diamond, nicolae_lab_arrow, lab_fountain,
          nicolae_lab_dead_end, lab_statue, nicolae_lab_flowing_pool,
          nicolae_lab_hexagon

Skill      XL: |  1  2  3  4  5  6  7  8  9 10 11 |
---------------+----------------------------------+-----
Unarmed Combat | 4 5 9 11 | 11.0
Fighting       | 3 5 8 |  8.2
Dodging        | 3 |  3.1
Shields        | 2 4 6 7 11 | 11.4

Action                   |  1- 3 |  4- 6 |  7- 9 | 10-12 || total
-------------------------+-------+-------+-------+-------++-------
Melee: Unarmed           |    71 |    52 |   175 |   318 ||   616
       Headbutt          |       |       |    20 |    82 ||   102
       Hand axe          |       |       |     4 |    15 ||    19
Invok: Berserk           |       |     2 |     2 |     2 ||     6
       Brothers in Arms  |       |       |       |     1 ||     1
  Use: Scroll            |       |       |     3 |    13 ||    16
       Potion            |       |       |     2 |     5 ||     7
 Stab: Sleeping          |       |       |     1 |     1 ||     2
       Invisible         |       |       |       |     1 ||     1
  Eat: Chunk             |    11 |     3 |    18 |    31 ||    63
       Bread ration      |       |       |       |     1 ||     1
Armor: Animal skin       |    23 |    21 |    35 |    17 ||    96
       Robe              |       |       |       |    42 ||    42
Dodge: Dodged            |    36 |    21 |    37 |    64 ||   158
Block: Large shield      |     4 |    59 |   158 |   340 ||   561
